[Event "FIDE WSTC Open 50 2025"]
[Site "Prague"]
[Date "2025.02.18"]
[Round "2.38"]
[White "Svenn, Gosta"]
[Black "Kirszenberg, Marc"]
[Result "1-0"]
[Annotator "TA"]
[ECO "A03"]
[WhiteElo "2290"]
[BlackElo "2080"]
[PlyCount "73"]
[EventDate "2025.02.17"]
[EventType "team-tourn"]
[EventCountry "CZE"]
[SourceTitle "playchess.com"]
[Source "ChessBase"]
[SourceQuality "1"]
[TimeControl "40/5400+30:1800+30"]

1. f4 d5 2. e3 Nf6 3. Nf3 Bf5 4. b3 e6 5. Bb2 Be7 6. Be2 h6 {[%emt 0:01:42] A03: Bird's Opening with 1...d5.} 7. O-O O-O 8. Ne5 Nbd7 {[%emt 0:01:30] The position is equal.} 9. Bf3 c6 10. Nc3 Nxe5 11. fxe5 Nd7 $146 (11... Ne4 12. Ne2 Qb6 13. Nf4 Bb4 14. c3 Bxc3 15. Bxe4 Bxb2 16. Bxf5 exf5 17. d4 Bxa1 18. Qxa1 {0-1 Happel,L (1823)-Bauch,O (1890) Ruhrgebiet VL1 0405 2004 (9.7)}) 12. Ne2 (12. d4 $15) 12... Qc7 $17 13. d4 Qb6 14. Kh1 a5 15. a4 Bh7 16. Nf4 c5 17. Ba3 Rae8 18. Be2 (18. c3 $11) 18... cxd4 $1 $15 19. Bxe7 Rxe7 20. exd4 Nb8 (20... f6 $15 21. exf6 Nxf6) 21. Bd3 $11 Bxd3 22. Qxd3 {[%emt 0:00:06] Threatening Nh5.} Nc6 23. Rad1 Rc8 (23... Rd7 $11 {keeps the balance.}) 24. Nh5 $16 {[%emt 0:06:56] White is more active.} Qd8 {[%emt 0:01:55] [#]} (24... Qc7 $16 {was called for.}) 25. Nf6+ $1 $18 gxf6 26. Qg3+ Kf8 {[%emt 0:01:51][%cal Bg8f8,Bf8e8,Be8d7,Bd7c6,Bc6c5,Bc5d4,Bd4d3][%mdl 32] aiming for ...fxe5.} 27. exf6 Rec7 {[%emt 0:00:07] [#]} 28. c4 $1 b6 $2 ({Don't go for} 28... dxc4 $2 29. d5 $18) (28... Ne7) 29. c5 {[%emt 0:00:54] and Qg7+ should not be overlooked} bxc5 {[%emt 0:01:12] [#]} 30. dxc5 (30. Qg7+ $1 $18 Ke8 31. Qg8+ (31. Qxh6 $2 cxd4 32. Qh7 Qd6 $19) 31... Kd7 32. Qxf7+ Ne7 33. Rfe1 (33. fxe7 Qxe7 34. Qf2 c4 $16)) 30... Nb4 $2 {[%emt 0:01:07][%mdl 8192] Loses the game.} (30... Ne7 $14 31. Qg7+ (31. fxe7+ Qxe7 32. Rd4 Qxc5 $11) 31... Ke8) 31. Qg7+ Ke8 32. Qg8+ (32. Qxh6 $2 {loses.} Kd7 (32... Rxc5 $2 33. h4 $19) 33. Qf4 Rxc5 $19) 32... Kd7 33. Qxf7+ Kc6 34. Qxe6+ Kxc5 35. Rc1+ {[%emt 0:01:56] White mates.} Kd4 36. Rf4+ Kd3 37. Rf3+ {[%emt 0:00:19] Weighted Error Value: White=0.21 (precise) /Black=0.55  Loses game:     	---       	Black=1      Missed win:     	White=1     	---        Mistake:       	White=2     	Black=4      Inaccurate:     	White=2     	Black=3      OK:         	White=11    	Black=8      Best:        	White=1     	Black=4      Strong:       	White=1     	Black=1} 1-0

[Event "FIDE WSTC Open 50 2025"]
[Site "Prague"]
[Date "2025.02.18"]
[Round "2.39"]
[White "Guiot Dorel, Jerome"]
[Black "Jaderberg, Bjorn"]
[Result "1/2-1/2"]
[Annotator "TA"]
[ECO "A40"]
[WhiteElo "2030"]
[BlackElo "2134"]
[PlyCount "38"]
[EventDate "2025.02.17"]
[EventType "team-tourn"]
[EventCountry "CZE"]
[SourceTitle "playchess.com"]
[Source "ChessBase"]
[SourceQuality "1"]
[TimeControl "40/5400+30:1800+30"]

1. d4 e6 2. Bf4 f5 3. Nf3 Nf6 4. e3 b6 5. h3 Bd6 6. Bxd6 {[%emt 0:04:30] A80: Dutch Defence: Unusual White second moves.} cxd6 7. Be2 Bb7 8. O-O O-O 9. c4 d5 10. Nbd2 Ne4 11. cxd5 Bxd5 12. Nxe4 fxe4 13. Nd2 Nc6 $146 (13... Qg5 14. Bc4 Bb7 15. Qg4 Qxg4 16. hxg4 d5 17. Bb5 a6 18. Ba4 Bc6 19. Bb3 Kf7 {1-0 Hambleton,A (2420)-Samant,A (2478) Titled Tuesday intern op 26th Nov Late blitz 2024 (5)}) 14. Bc4 (14. Rc1 {is more complex.} Qg5 15. a3 Rf6 16. Nc4) 14... Bxc4 15. Nxc4 d5 16. Nd2 Qe7 17. a3 {[%emt 0:03:11] The position is equal.} Rf6 18. Rc1 Qd6 19. f4 exf3 {[%emt 0:01:08] An uneventful encounter.   Weighted Error Value: White=0.08 (flawless) /Black=0.08 (flawless)   Inaccurate:     	White=2     	Black=2      OK:         	White=6     	Black=4      Best:        	---       	Black=1} 1/2-1/2

[Event "FIDE WSTC Open 50 2025"]
[Site "Prague"]
[Date "2025.02.18"]
[Round "2.40"]
[White "Wengholm, Anders"]
[Black "Coste, Thierry"]
[Result "0-1"]
[Annotator "TA"]
[ECO "A05"]
[WhiteElo "2132"]
[BlackElo "2027"]
[PlyCount "58"]
[EventDate "2025.02.17"]
[EventType "team-tourn"]
[EventCountry "CZE"]
[SourceTitle "playchess.com"]
[Source "ChessBase"]
[SourceQuality "1"]
[TimeControl "40/5400+30:1800+30"]

1. Nf3 Nf6 2. c4 e6 3. g3 d5 4. Bg2 Be7 5. d4 O-O 6. O-O dxc4 7. Qc2 a6 8. a4 Bd7 9. Rd1 Bc6 10. Nc3 Bxf3 11. Bxf3 Nc6 12. Bxc6 bxc6 13. a5 c5 {[%emt 0:11:16] 13...Nd5 is the modern continuation. E05: Open Catalan: 5 Nf3 Be7.} 14. dxc5 Qe8 ({Better is} 14... Qb8 $14) 15. Ra4 $16 Bxc5 {[%emt 0:06:42] White is better.} 16. Rxc4 Qe7 $146 {[%emt 0:02:35] [#]} (16... Be7 $16) (16... Bd6 17. Bg5 Nd7 18. Ne4 Ne5 19. Rc3 f6 20. Bf4 Rd8 21. Bxe5 Bxe5 22. Rxd8 Qxd8 {1-0 Soltanici,R (2345)-Morozov,N (2271) MDA-ch Kishinev 2015 (10)}) 17. Bg5 $1 $18 {[%emt 0:02:35] Hoping for Ne4.} Rfd8 18. Rxd8+ Rxd8 19. Ne4 Bd4 20. Rxc7 Qb4 21. Bd2 Qb8 {[%emt 0:14:49] White must now prevent ...Nxe4.} ({Don't blunder} 21... Bxf2+ $2 22. Nxf2 Qb8 23. Bg5 $18) 22. Nxf6+ gxf6 23. b4 Kg7 {[%emt 0:03:05] Prevents Bh6+.} 24. Be1 h5 25. Qc6 h4 26. e3 Be5 27. Rb7 Rd6 {[%emt 0:07:10] [#]} (27... Qc8 {might work better.} 28. Qxc8 (28. Qxa6 Rd7 $15) 28... Rxc8) 28. Rxb8 $2 (28. Qe4 $1 $18 Qc8 29. Ra7 (29. gxh4 Rd5 $17) 29... hxg3 30. hxg3) 28... Rxc6 $17 29. f4 $2 (29. Rb6 $17 Rc1 30. Kg2 (30. Kf1 $2 Bc3 $19) 30... Rxe1 31. Rxa6) 29... Bxb8 {[%emt 0:00:14] Weighted Error Value: White=0.66/Black=0.47  Loses game:     	White=1     	Black=1      Missed win:     	White=1     	---        Mistake:       	---       	Black=2      OK:         	White=6     	Black=6      Best:        	White=2     	Black=2      Strong:       	White=1     	---} 0-1

[Event "FIDE WSTC Open 50 2025"]
[Site "Prague"]
[Date "2025.02.19"]
[Round "3.3"]
[White "Wells, Peter K"]
[Black "Varga, Zoltan"]
[Result "0-1"]
[Annotator "TA"]
[ECO "D20"]
[WhiteElo "2358"]
[BlackElo "2301"]
[PlyCount "70"]
[EventDate "2025.02.17"]
[EventType "team-tourn"]
[EventCountry "CZE"]
[SourceTitle "playchess.com"]
[Source "ChessBase"]
[SourceQuality "1"]
[TimeControl "40/5400+30:1800+30"]

1. d4 d5 2. c4 dxc4 3. e4 Nf6 4. e5 Nd5 5. Bxc4 Nb6 6. Bd3 Nc6 7. Be3 Nb4 8. Be4 f5 {[%emt 0:08:42] D20: Queen's Gambit Accepted: 3 e3 and 3 e4.} 9. a3 N4d5 {[%emt 0:03:31] White must now prevent ...Nxe3.} 10. Bxd5 Qxd5 {[%emt 0:08:16] The position is equal.} 11. Nf3 Be6 12. Nc3 Qd7 13. O-O $146 (13. Ng5 O-O-O 14. Nxe6 Qxe6 15. a4 Nd5 16. a5 Qa6 17. Qe2 Qxe2+ 18. Kxe2 e6 19. a6 b6 20. Nb5 Kb8 21. Rhc1 Nb4 22. Rxc7 {1-0 Bluebaum,M (2647)-Berger,S (2408) GER-ch Blitz 2020 (20)}) 13... Bc4 {[%emt 0:04:41] [#]} (13... h6 $11) 14. e6 $1 $16 Qxe6 (14... Bxe6 15. Ne5) 15. Re1 {[%emt 0:00:40] White sacrificed a pawn} c6 16. Bf4 {[%emt 0:14:37][%mdl 1024] Against Qd6. White has strong compensation.} Qg8 17. Qc2 g6 18. Be5 {[%emt 0:05:20][%csl Oe5] Strong Square White (e5) Prevents Bd5.} Bg7 19. a4 a5 20. Rab1 {[%emt 0:06:56] and b4 should not be overlooked} Nd5 21. Nxd5 Bxd5 {[%emt 0:00:39] This pair of bishops is nice.} 22. Nd2 {[%emt 0:02:33] Prevents Be4} (22. Qc5 $16) 22... Qf7 23. b4 Bxe5 24. Rxe5 axb4 25. Rxb4 e6 26. Qc5 ({White should play} 26. Nb3 $11) 26... Qe7 $15 27. Qxe7+ (27. Qc3 $15) 27... Kxe7 $17 {[%emt 0:00:01][%csl Od5] Strong Square Black (d5)} 28. Rxb7+ (28. Re1 $17) 28... Kf6 $19 29. Rb4 {[%emt 0:01:02] [#]} (29. Nf3 {was worth a try.}) 29... Rhb8 (29... c5 $1 $19 30. Rb6 Rhd8 (30... cxd4 $2 {perishes.} 31. Rxd5 Rxa4 32. g3 $18)) 30. Rxb8 $17 Rxb8 {[%emt 0:00:03] KRB-KRN} 31. f4 $2 {[%emt 0:00:31] White does not recover from this.} (31. Re1 $17) 31... Rb4 $19 32. Kf2 $2 (32. Re2) 32... Rxd4 {[%emt 0:01:11] Black is clearly winning.} 33. Ke3 Rxa4 34. g3 c5 35. Kd3 g5 {[%emt 0:00:15] Weighted Error Value: White=0.32/Black=0.12 (very precise)   Loses game:     	White=1     	---        Mistake:       	White=6     	Black=2      OK:         	White=10    	Black=17     Best:        	---       	Black=1      Brilliant:      	White=1     	---} 0-1

[Event "FIDE WSTC Open 50 2025"]
[Site "Prague"]
[Date "2025.02.19"]
[Round "3.4"]
[White "Krizsany, Laszlo"]
[Black "Hebden, Mark L"]
[Result "0-1"]
[Annotator "TA"]
[ECO "E61"]
[WhiteElo "2303"]
[BlackElo "2363"]
[PlyCount "70"]
[EventDate "2025.02.17"]
[EventType "team-tourn"]
[EventCountry "CZE"]
[SourceTitle "playchess.com"]
[Source "ChessBase"]
[SourceQuality "1"]
[TimeControl "40/5400+30:1800+30"]

1. d4 Nf6 2. c4 g6 3. Nc3 Bg7 4. g3 O-O 5. Bg2 d6 6. e3 e5 7. Nge2 Re8 8. O-O e4 {[%emt 0:00:27] E61: King's Indian: Early deviations for White, including Smyslov System.} 9. Qc2 Bf5 10. h3 h5 {[%emt 0:00:31] Black has an edge.} 11. b3 c6 12. Ba3 Na6 13. Qd2 $146 ({Predecessor:} 13. b4 Qd7 14. Kh2 Nc7 15. Qb3 d5 16. cxd5 cxd5 17. b5 b6 18. Rfc1 Rad8 19. Nf4 {0-1 Kamshonkov,S-Terentiev,V Makhachkala 1974}) 13... Qd7 14. Kh2 Nc7 15. d5 c5 16. Bb2 Qe7 17. Rae1 Rab8 18. Ba1 b5 19. Nxb5 Nxb5 20. cxb5 Rxb5 21. Rc1 Nd7 22. Bxg7 Kxg7 23. Nc3 Rb4 24. Qc2 Qe5 25. Rfd1 (25. Nb1 $142) 25... Nf6 (25... h4 26. Rh1 Nf6) 26. Ne2 a5 {[%emt 0:04:05] Black has more active pieces.} (26... Nxd5 27. Qd2 Be6 28. Nf4 Nxf4 29. exf4 $11) ({Black should try} 26... h4 $17 27. Qc3 hxg3+ 28. Nxg3 Qxc3 29. Rxc3 a5 30. Nxf5+ gxf5) 27. Qd2 (27. Qc3 $15) 27... a4 (27... h4 $17 28. Qc3 hxg3+ 29. Nxg3 Qxc3 30. Nxf5+ gxf5 31. Rxc3 Rh8) 28. Rc4 (28. Nd4 $1 $15 Qxd5 29. bxa4) 28... Rxc4 $19 ({Don't play} 28... axb3 29. Rxb4 cxb4 30. axb3 $15) 29. bxc4 Rb8 {[%emt 0:00:27] Against Rb1} 30. Rc1 a3 $36 {[%emt 0:03:22][%mdl 2048] Black plays on the queen side and is better Keeping White busy.} 31. Nc3 h4 32. Rb1 {[%emt 0:01:03] Wards off Rb2. White does not recover from this.} (32. Nb5 $17 {was the only chance.}) 32... hxg3+ 33. fxg3 Rh8 {[%emt 0:01:28][%cal Of5h3] White must now prevent ...Bxh3!.} 34. Ne2 $2 {[%emt 0:01:44] [#]} (34. Rh1) 34... Bxh3 $1 35. Bxh3 Ng4+ {[%emt 0:00:15] Weighted Error Value: White=0.50/Black=0.23 (precise)   Loses game:     	White=1     	---        Mistake:       	White=4     	Black=3      Inaccurate:     	White=4     	---        OK:         	White=8     	Black=7      Brilliant:      	---       	Black=1} 0-1

[Event "FIDE WSTC Open 50 2025"]
[Site "Prague"]
[Date "2025.02.19"]
[Round "3.6"]
[White "Petursson, Margeir"]
[Black "Ning, Chunhong"]
[Result "1/2-1/2"]
[Annotator "TA"]
[ECO "D30"]
[WhiteElo "2403"]
[BlackElo "2257"]
[PlyCount "146"]
[EventDate "2025.02.17"]
[EventType "team-tourn"]
[EventCountry "CZE"]
[SourceTitle "playchess.com"]
[Source "ChessBase"]
[SourceQuality "1"]
[TimeControl "40/5400+30:1800+30"]

1. d4 d5 2. c4 e6 3. Nf3 Nf6 4. g3 Bb4+ 5. Bd2 Be7 6. Bg2 O-O 7. O-O dxc4 8. Qc2 a6 9. a4 Nbd7 (9... b6 $11) 10. Na3 $14 {[%emt 0:03:16] White sacrificed a pawn E11: Bogo-Indian.} c5 (10... b6 $14) 11. Nxc4 $16 cxd4 (11... Qc7 $142) 12. Ba5 {[%emt 0:10:40] White is clearly better. White is much more active. The black rooks are passive.} (12. Nxd4 Ne5 $16) 12... Qe8 13. Nxd4 Nd5 14. e4 Nb4 15. Qc3 $146 ({Predecessor:} 15. Qd2 Nc6 16. Nxc6 bxc6 17. e5 Nc5 18. Nd6 Qd7 19. Qc3 Qa7 20. Bb4 Bxd6 21. exd6 {1-0 Ftacnik,L (2430)-Horvath,G (2280) Zalaegerszeg 1979 (7)}) 15... Nc6 (15... e5) 16. Nxc6 $18 bxc6 17. e5 Bb7 18. Bc7 f6 19. Na5 (19. Qb3 $18 {and White stays clearly on top.} Rb8 20. Bxb8 Qxb8 21. Na5) 19... Qc8 {[%emt 0:01:33] [#]} (19... Rc8 $16) 20. Nxc6 (20. Bxc6 Qxc7 21. Bxb7 Qxc3 22. bxc3 Ra7 $16) (20. Bd6 $1 $18 {[%cal Rd6e7] is the precise move to win.} Bxd6 21. exd6) 20... Bc5 $16 {[%emt 0:01:07] [#] Black is weak on the dark squares} 21. Qxc5 $1 Nxc5 22. Ne7+ Kf7 23. Nxc8 Raxc8 24. Bd6 Bxg2 25. Kxg2 Rfd8 26. Bxc5 Rxc5 27. exf6 Kxf6 28. Rac1 Rxc1 (28... Ra5 $142) 29. Rxc1 {[%emt 0:00:34][%mdl 4096] Endgame KR-KR. White is a pawn up.} Rb8 30. Rc6 a5 31. Rc5 Rxb2 32. Rxa5 Ra2 33. h4 h5 34. Kf3 ({Don't take} 34. Rxh5 Rxa4 35. Rh8 Kf7 $16) 34... Ra3+ 35. Ke4 Ra2 36. Ra8 (36. Rxh5 Rxa4+ 37. Kf3 g6 $14) 36... Kg6 37. Ke3 Kf6 (37... e5 {is a better defense.} 38. Kf3 Kf5) 38. Rf8+ $2 (38. a5 $18) 38... Kg6 $1 $14 39. Rf4 e5 40. Rb4 Kf5 41. Rb7 Ra3+ {[%emt 0:30:12] The position is equal.} 42. Ke2 Ra2+ 43. Kf1 g5 44. Rb4 gxh4 45. Rxh4 Kg5 46. Kg2 Ra3 47. Rb4 Kf5 48. Rc4 Ra2 49. Rb4 Ra3 50. Kh3 Ra2 51. f3 Ra3 52. f4 exf4 53. Rxf4+ Kg5 54. Rb4 Ra2 55. Rb5+ Kg6 56. a5 Ra4 57. Rb6+ Kg5 58. Ra6 Kf5 59. Ra8 Kg6 60. a6 Kg7 61. Kg2 Ra3 62. Kf2 Kh7 63. a7 Kg7 64. Ke2 Kh7 65. Kd2 Kg7 66. Kc2 Kh7 67. Kb2 Ra5 68. Kc3 Kg7 69. Kb4 $1 Ra1 70. Kc5 Rc1+ 71. Kd6 Rd1+ 72. Ke6 {[%emt 0:00:27][%cal Oa8g8] Threatening mate with Rg8+!.} Ra1 73. Ke5 Ra5+ {[%emt 0:00:13] White really could win this.   Weighted Error Value: White=0.21 (precise) /Black=0.15 (very precise)   Missed win:     	White=1     	---        Mistake:       	White=2     	Black=6      Inaccurate:     	White=1     	---        OK:         	White=21    	Black=29     Best:        	White=4     	Black=3      Strong:       	White=1     	Black=1} 1/2-1/2

[Event "FIDE WSTC Open 50 2025"]
[Site "Prague"]
[Date "2025.02.19"]
[Round "3.7"]
[White "Guo, Yun"]
[Black "Thorhallsson, Throstur"]
[Result "0-1"]
[Annotator "TA"]
[ECO "B28"]
[WhiteElo "2213"]
[BlackElo "2394"]
[PlyCount "76"]
[EventDate "2025.02.17"]
[EventType "team-tourn"]
[EventCountry "CZE"]
[SourceTitle "playchess.com"]
[Source "ChessBase"]
[SourceQuality "1"]
[TimeControl "40/5400+30:1800+30"]

1. e4 c5 2. Nf3 a6 3. Nc3 b5 4. d4 cxd4 5. Nxd4 Bb7 6. a3 {[%emt 0:07:28] B28: Sicilian: 2 Nf3 a6 (O'Kelly Variation).} d6 {[%emt 0:05:55] was the old line (6...e6).} 7. Bd3 Nf6 8. O-O {[%emt 0:00:17] The position is equal.} g6 9. Re1 Bg7 10. Bf1 $146 ({Predecessor:} 10. Bg5 O-O 11. Qd2 Re8 12. Rad1 Nbd7 13. Bh6 Bh8 14. Bf1 Rc8 15. h3 Nb6 16. f4 {½-½ Wagner,D (2572)-Obolentseva,A (2302) Titled Tuesday intern op 13th July blitz 2021 (5)}) 10... O-O 11. Nb3 Nbd7 12. f4 (12. f3 $11) 12... Rc8 $17 {[%emt 0:07:10][%cal Oc8c3] White is on the road to losing.} 13. g3 (13. Qf3 $17 {was called for.}) 13... h5 $19 14. Bg2 {[%emt 0:22:52] [#]} (14. Bd3 $17) 14... Ng4 $1 15. Qe2 Qb6+ 16. Be3 Nxe3 17. Qxe3 Bxc3 18. bxc3 Rxc3 19. Qxb6 Nxb6 20. Ra2 Rfc8 21. Re2 Nc4 22. Kf2 e5 23. a4 b4 24. a5 Bc6 {[%emt 0:06:14] Wards off Ra4} 25. Bf1 Bb5 26. Na1 {[%emt 0:01:15] [#]} h4 $1 27. Re1 hxg3+ 28. hxg3 Kg7 29. Bxc4 R8xc4 (29... Bxc4 30. Rb2 $19) 30. Rb2 Bc6 31. fxe5 dxe5 {[%emt 0:00:18] Black is clearly winning.} ({Stronger than} 31... Rxe4 32. Rxe4 Bxe4 33. exd6 $11) 32. Reb1 Rxe4 {[%emt 0:03:00] Strongly threatening ...Rce3.} ({Don't play} 32... Ra3 33. Nb3 $19) 33. Rxb4 {[%emt 0:00:51] [#]} (33. Rb3 $142) 33... Rf3+ $3 34. Kg1 Rxg3+ 35. Kf1 Rf3+ 36. Kg1 Re2 {[%emt 0:02:33] ( -> ...Rh3)} 37. Rb6 Be4 {[%emt 0:00:46] ( -> ...Rf5)} 38. R6b4 Rf4 {[%emt 0:00:19] Weighted Error Value: White=0.46/Black=0.01 (flawless)   Mistake:       	White=4     	---        Inaccurate:     	White=2     	Black=1      OK:         	White=5     	Black=19     Best:        	White=1     	---        Strong:       	---       	Black=1      Brilliant:      	---       	Black=1} 0-1

[Event "FIDE WSTC Open 50 2025"]
[Site "Prague"]
[Date "2025.02.19"]
[Round "3.11"]
[White "Berube, Richard"]
[Black "Bellini, Fabio"]
[Result "0-1"]
[Annotator "TA"]
[ECO "B12"]
[WhiteElo "2121"]
[BlackElo "2408"]
[PlyCount "76"]
[EventDate "2025.02.17"]
[EventType "team-tourn"]
[EventCountry "CZE"]
[SourceTitle "playchess.com"]
[Source "ChessBase"]
[SourceQuality "1"]
[TimeControl "40/5400+30:1800+30"]

1. e4 c6 2. d4 d5 3. e5 Bf5 4. Nf3 e6 5. Be2 Ne7 6. O-O Nc8 {[%emt 0:01:02] B12: Caro-Kann: Advance Variation.} ({Black should play} 6... c5 $11) 7. Nbd2 {[%emt 0:01:41][%cal Bb1d2,Bd2b3,Bb3c1,Bc1d3,Bd3f4][%mdl 32] Recently 7.a4 got a lot of attention.} Be7 8. Re1 Bg6 $146 {[%emt 0:07:16] The position is equal.} ({Predecessor:} 8... Nd7 9. c3 O-O 10. Nf1 c5 11. Bd3 Bg6 12. Bxg6 fxg6 13. Be3 h6 14. Qd3 Qe8 {0-1 Razygraev,A (1261)-Gamilova,R (1678) Chigorin Memorial 30th 2023 (2)}) 9. Nb3 Nd7 10. Be3 Qc7 11. a4 O-O 12. c3 a5 13. Nc1 c5 14. Nd3 Ncb6 15. Nf4 Be4 16. Rc1 Bxf3 17. Bxf3 Nc4 18. b3 Nxe3 19. fxe3 Bg5 20. c4 (20. g3 $11 {is more appropriate.}) 20... cxd4 $15 21. cxd5 {[%emt 0:18:54] [#]} (21. Qxd4 $15 Qxe5 (21... Nxe5 22. cxd5 Qd6 23. Be2 $15) 22. Qd2) 21... Qxe5 (21... Qb6 $1 $17 22. Qxd4 Qxd4 (22... Qxb3 $2 23. dxe6 fxe6 24. Qxd7 $18) 23. exd4 Bxf4) 22. dxe6 $11 fxe6 23. Rc4 Rad8 (23... dxe3 $6 24. Nxe6 Rxf3 (24... Qxe6 $2 25. Bd5 $18) 25. Qxd7 $14) 24. Qxd4 {[%emt 0:06:11][%mdl 8192] Loses the game.} (24. Rxd4 $11 {and White stays safe.} Nc5 25. Kh1) 24... Bxf4 $19 25. Qxe5 Bxe5 26. Bxb7 Rb8 27. Bc6 Nf6 28. Bb5 Rbd8 29. Rc5 Rd5 30. Rc6 Ng4 31. Bc4 (31. g3 {was necessary.} Rd6 32. Rc2) 31... Bxh2+ 32. Kh1 Rg5 {[%emt 0:02:30] [#]} 33. Bxe6+ Kh8 {[%emt 0:00:01] and ...Bg3 would now be decisive} 34. Bxg4 Bg3 35. Rec1 {[%emt 0:03:38] Threatens to win with Rc8.} Rxg4 36. R6c4 Rg5 {[%emt 0:00:33] ( -> ...Rh5+)} 37. Rc8 Rh5+ 38. Kg1 Bh2+ {[%emt 0:00:09] Weighted Error Value: White=0.59/Black=0.15 (very precise)   Loses game:     	White=1     	---        Mistake:       	White=3     	Black=1      Inaccurate:     	White=3     	---        OK:         	White=9     	Black=14     Best:        	White=1     	Black=5} 0-1

[Event "FIDE WSTC Open 50 2025"]
[Site "Prague"]
[Date "2025.02.19"]
[Round "3.12"]
[White "Bellia, Fabrizio"]
[Black "Chabot, Roland"]
[Result "1-0"]
[Annotator "TA"]
[ECO "B81"]
[WhiteElo "2393"]
[BlackElo "2038"]
[PlyCount "56"]
[EventDate "2025.02.17"]
[EventType "team-tourn"]
[EventCountry "CZE"]
[SourceTitle "playchess.com"]
[Source "ChessBase"]
[SourceQuality "1"]
[TimeControl "40/5400+30:1800+30"]

1. e4 c5 2. Nf3 e6 3. d4 cxd4 4. Nxd4 Nf6 5. Nc3 d6 6. g4 h6 7. Rg1 $1 {[%emt 0:00:21][%mdl 4] outshines the older 7.h4.} Nc6 8. Be3 d5 {[%emt 0:03:49] B81: Sicilian Scheveningen: Keres Attack.} 9. exd5 Nxd5 10. Nxd5 Qxd5 {[%emt 0:05:50] White is slightly better.} 11. Bg2 Qc4 (11... Qa5+ $14 12. c3 Ne5) 12. Nxc6 $16 bxc6 13. Qd4 (13. Qd2 $142) 13... Qxd4 14. Bxd4 Bd7 15. O-O-O $36 {[%emt 0:02:32][%mdl 2048] Keeping Black busy.} f6 $146 ({Predecessor:} 15... Rc8 16. f4 c5 17. Bc3 Rg8 18. Rd2 Be7 19. Rgd1 Bb5 20. Ba5 c4 21. Re1 Bd8 22. Bxd8 Rxd8 {1-0 Rogos,J (2128)-Straka,J SVK-chT2C 0809 2008 (8.6)}) 16. Rge1 h5 {[%emt 0:25:07] [#]} 17. g5 $1 {[%emt 0:13:49][%mdl 512] White has more active pieces.} Be7 (17... fxg5 18. Be4) 18. g6 ({Better is} 18. gxf6 gxf6 19. Bh3) 18... a5 ({Black should play} 18... Bd6) 19. Bh3 (19. Rxe6 $142 Bxe6 20. Bxc6+ Kf8 21. Bxa8) 19... f5 $2 {[%emt 0:03:23] [#] Black cannot hold the game after this.} (19... c5 $16 20. Be3 Ra6) 20. Bxf5 $1 $18 Bg5+ (20... exf5 $2 21. Bc5 (21. Bxg7 Rg8 $18) 21... O-O-O 22. Rxe7 $18 (22. Bxe7 Rde8 $18)) (20... O-O 21. Bh3) 21. Kb1 O-O-O 22. Be4 ({But not} 22. Bxe6 Bxe6 23. Rxe6 Bf6 $18) 22... Bf4 $2 (22... Be8 {keeps fighting.} 23. Rd3 (23. Bxg7 Rg8 $18) 23... Bh4 24. Bxg7 Rg8) 23. Bxg7 {[%emt 0:00:52] White is clearly winning.} Rhg8 24. Bc3 Bc7 25. g7 e5 26. Rg1 Bg4 27. Rxd8+ Rxd8 28. Bh7 Rh8 {Weighted Error Value: White=0.20 (precise) /Black=0.64  Loses game:     	---       	Black=1      Mistake:       	White=3     	Black=3      Inaccurate:     	White=2     	Black=4      OK:         	White=9     	Black=2      Best:        	White=1     	Black=1} 1-0